 Dungeon Crawl Stone Soup version 0.23.2-33-g5129a83 (webtiles) character file.

Game seed: 4484675547031928501

281 technought the Ruffian (level 6, -4/52 HPs)
             Began as a Ghoul Monk on Aug 6, 2019.
             Was a Believer of Kikubaaqudgha.
             Slain by a phantom (7 damage)
             ... on level 4 of the Dungeon.
             The game lasted 00:12:16 (1481 turns).

technought the Ruffian (Ghoul Monk)                 Turns: 1481, Time: 00:12:16

Health: -4/52      AC:  3    Str: 18    XL:     6   Next: 27%
Magic:  5/5        EV: 13    Int:  5    God:    Kikubaaqudgha [**....]
Gold:   114        SH:  0    Dex: 12    Spells: 5/5 levels left

rFire    . . .     SeeInvis .     - Unarmed
rCold    + . .     Gourm    .   (no shield)
rNeg     + + +     Faith    .   a - +0 robe
rPois    ∞         Spirit   .   (no helmet)
rElec    .         Reflect  .   (no cloak)
rCorr    .         Harm     .   (no gloves)
MR       .....                  e - +0 pair of boots
Stlth    ++........             (no amulet)
HPRegen  0.00/turn              i - +2 ring of strength
MPRegen  0.09/turn              (no ring)

@: rotting
A: rotting body, claws 1, carnivore, cold resistance 1, negative energy
resistance 3, inhibited regeneration, torment resistance, unbreathing
a: Receive Corpses, Renounce Religion


You were on level 4 of the Dungeon.
You worshipped Kikubaaqudgha.
Kikubaaqudgha was pleased with you.
You were not hungry.

You visited 1 branch of the dungeon, and saw 4 of its levels.

You collected 114 gold pieces.

Inventory:

Missiles
 d - 30 poisoned needles
Armour
 a - a +0 robe (worn)
 e - a +0 pair of boots (worn)
Jewellery
 i - a +2 ring of strength (left claw)
Scrolls
 j - a scroll of teleportation {unknown}
Potions
 c - a potion of magic {unknown}
 f - a potion of haste {unknown}
 g - a potion of brilliance {unknown}
 h - a potion of resistance {unknown}
Comestibles
 b - 5 rations


   Skills:
 + Level 3.8 Fighting
 + Level 3.8 Dodging
 + Level 3.9 Stealth
 + Level 5.6 Unarmed Combat


You had 5 spell levels left.
You didn't know any spells.
Your spell library contained the following spells:

 Spells                   Type           Power        Failure   Level  Hunger
 Animate Skeleton         Necr           N/A          47%         1    ##.....
 Pain                     Necr           #...         47%         1    ##.....
 Corpse Rot               Necr           N/A          63%         2    ###....
 Regeneration             Chrm/Necr      #.........   85%         3    ####...


Dungeon Overview and Level Annotations

Branches:
Dungeon (4/15)
 Temple: D:4-7

Altars:
Dithmenos
Fedhas
Gozag
Kikubaaqudgha
Trog


Innate Abilities, Weirdness & Mutations

Your body is rotting away.
You thrive on raw meat.
You are immune to poison.
You have sharp fingernails.
You are carnivorous and can eat meat at any time.
Your flesh is cold resistant. (rC+)
You are immune to negative energy. (rN+++)
You do not regenerate when monsters are visible.
You are immune to unholy pain and torment.
You can survive without breathing.


Message History

* * * LOW HITPOINT WARNING * * *
You scratch the phantom.
The phantom is lightly damaged.
The phantom barely misses you.
You claw the phantom!
The phantom is moderately damaged.
The phantom hits you!
* * * LOW HITPOINT WARNING * * *
The phantom blinks!
The phantom blinks!
You miss the phantom.
The phantom is moderately damaged.
The phantom hits you.
* * * LOW HITPOINT WARNING * * *
You closely miss the phantom.
The phantom is moderately damaged.
The phantom barely misses you. The phantom hits you!
You die...
Kikubaaqudgha rasps: "You have failed me!
Welcome... oblivion!"

#... #..# #....#
#..#####....# #
#......#....# .#
#......#....+ ..# .
#..##..#....##+####'##..
#..##..#................
#.).#..#......W.........
#...'..'.....@Z.......#
#..##..#..............+
#..#####..............#
#...# ######'###.....#
#...# #.... .....# #...#
#....#.....# #...#
##...#.?...# #...#
#####...... #...########


You could see a phantom and a leopard gecko skeleton.

Vanquished Creatures
  An ogre (D:4)
  A hound (D:4)
  An orc wizard (D:3)
  6 adders
  An ooze (D:3)
  2 dart slugs (D:1)
  3 leopard geckos (D:3)
  5 orcs (D:3)
  5 giant cockroaches
  6 goblins
  4 hobgoblins
  9 jackals
  A quokka (D:3)
  7 bats
  6 frilled lizards
  3 kobolds
  A quokka zombie (D:3)
  5 rats
67 creatures vanquished.

Notes
Turn   | Place    | Note
-------+----------+-------------------------------------------
     0 | D:1      | technought the Ghoul Monk began the quest for the Orb.
     0 | D:1      | Reached XP level 1. HP: 19/19 MP: 0/0
   135 | D:1      | Reached XP level 2. HP: 23/25 MP: 1/1
   456 | D:1      | Reached XP level 3. HP: 31/31 MP: 2/2
   573 | D:2      | Found an opulent altar of Gozag.
   584 | D:2      | Reached skill level 4 in Unarmed Combat
   772 | D:2      | Reached XP level 4. HP: 26/38 MP: 3/3
   923 | D:3      | Found a shadowy altar of Dithmenos.
  1071 | D:3      | Reached XP level 5. HP: 46/46 MP: 4/4
  1251 | D:3      | Reached skill level 5 in Unarmed Combat
  1383 | D:4      | Found an ancient bone altar of Kikubaaqudgha.
  1383 | D:4      | Found a blossoming altar of Fedhas.
  1383 | D:4      | Found a bloodstained altar of Trog.
  1396 | D:4      | Became a worshipper of Kikubaaqudgha
  1396 | D:4      | Reached * piety under Kikubaaqudgha
  1396 | D:4      | Identified Kikubaaqudgha's Disquisition on Necromancy
                  | (Kikubaaqudgha gifted it to you on level 4 of the Dungeon)
  1396 | D:4      | Received a gift from Kikubaaqudgha
  1396 | D:4      | Reached ** piety under Kikubaaqudgha
  1410 | D:4      | Noticed an ogre
  1425 | D:4      | Killed an ogre
  1425 | D:4      | Reached XP level 6. HP: 22/52 MP: 5/5
  1433 | D:4      | Noticed a phantom
  1481 | D:4      | Slain by a phantom

Skill      XL: |  1  2  3  4  5 |
---------------+----------------+-----
Dodging        | 3 |  3.8
Unarmed Combat | 4 5 |  5.6
Stealth        | 3 |  3.9
Fighting       | |  3.8

Action                   |  1- 3 |  4- 6 || total
-------------------------+-------+-------++-------
Melee: Unarmed           |   113 |   117 ||   230
       Punch             |     1 |     4 ||     5
  Use: Scroll            |     2 |     3 ||     5
 Stab: Sleeping          |     5 |     6 ||    11
  Eat: Chunk             |    15 |    24 ||    39
       Ration            |     2 |     1 ||     3
Armor: Robe              |    19 |    18 ||    37
Dodge: Dodged            |    97 |    82 ||   179
